| TOP OF THE 1ST |
|
Tacoma Rainiers batting - Pitching for Omaha Storm Chasers : RHP Calvin Maduro
|
|
Pitching: RHP Calvin Maduro
|
|
|
Batting: RHB Eric Young
|
0-0: Reached on error, E5 (Groundball, 56S, EV 80.6 MPH)
|
|
Batting: LHB Daryl Boston
|
0-0: Ball 1-0: Ball 2-0: Ball 3-0: Called Strike 3-1: Called Strike 3-2: Base on Balls
|
|
Batting: LHB Chito Martinez
|
0-0: Ball 1-0: Foul Ball, location: 2F 1-1: SINGLE (Groundball, 6MD, EV 98.8 MPH) Eric Young to third Daryl Boston to second
|
|
Batting: RHB Russ Davis
|
0-0: Ball 1-0: Ball 2-0: Fly out, F4 (Flyball, 34D, EV 92.5 MPH)
|
|
Batting: SHB Micah Franklin
|
0-0: Called Strike 0-1: Called Strike 0-2: TRIPLE (Flyball, 89XD, EV 107.5 MPH) Eric Young scores Daryl Boston scores Chito Martinez scores
|
|
Batting: RHB Jose Guillen
|
0-0: Called Strike 0-1: Ball 1-1: Foul Ball, location: 2F 1-2: Ball 2-2: Foul Ball, location: 2F 2-2: Strikes out swinging
|
|
Batting: LHB Mario Valdez
|
0-0: Called Strike 0-1: Ball 1-1: Ball 2-1: DOUBLE (Flyball, 8LXD, EV 108.1 MPH) Micah Franklin scores
|
|
Batting: SHB Jason Bates
|
0-0: Ball 1-0: Reached on error, E8 (Flyball, 8LXD, EV 91.3 MPH) Mario Valdez scores
|
|
Batting: LHB Greg O'Halloran
|
0-0: Fly out, F7 (Flyball, 7LS, EV 95.0 MPH)
|
| Top of the 1st over - 5 runs, 3 hits, 2 errors, 1 left on base; Tacoma 5 - Omaha 0 |
| BOTTOM OF THE 1ST |
|
Omaha Storm Chasers batting - Pitching for Tacoma Rainiers : RHP Brad Rigby
|
|
Pitching: RHP Brad Rigby
|
|
|
Batting: RHB Roberto Mejia
|
0-0: Ball 1-0: Ball 2-0: Called Strike 2-1: Ball 3-1: Foul Ball, location: 2F 3-2: Foul Ball, location: 2F 3-2: Fly out, F8 (Flyball, 8RD, EV 91.3 MPH)
|
|
Batting: RHB Hensley Meulens
|
0-0: Ball 1-0: Called Strike 1-1: Called Strike 1-2: Ball 2-2: Foul Ball, location: 2F 2-2: Ground out 5-3 (Groundball, 56, EV 89.4 MPH)
|
|
Batting: RHB Matt Mieske
|
0-0: Ball 1-0: Foul Ball, location: 2F 1-1: Called Strike 1-2: Strikes out looking
|
| Bottom of the 1st over - 0 runs, 0 hits, 0 errors, 0 left on base; Tacoma 5 - Omaha 0 |
| TOP OF THE 2ND |
|
Tacoma Rainiers batting - Pitching for Omaha Storm Chasers : RHP Calvin Maduro
|
|
Batting: RHB Eric Young
|
0-0: Ball 1-0: Ball 2-0: Called Strike 2-1: Foul Ball, location: 2F 2-2: Ball 3-2: Foul Ball, location: 2F 3-2: Foul Ball, location: 2F 3-2: Base on Balls
|
|
Batting: LHB Daryl Boston
|
0-0: Swinging Strike 0-1: Ball 1-1: Foul Ball, location: 2F 1-2: Ball 2-2: Strikes out swinging
|
|
Batting: LHB Chito Martinez
|
0-0: Ball 1-0: Ball 2-0: Ball 3-0: Called Strike 3-1: Called Strike 3-2: Foul Ball, location: 2F 3-2: Fly out, F8 (Flyball, 8RXD, EV 89.4 MPH) Runner from 1st tags up, SAFE at 2nd
|
|
Batting: RHB Russ Davis
|
0-0: Ball 1-0: Ball 2-0: Swinging Strike 2-1: Ball 3-1: Swinging Strike 3-2: Foul Ball, location: 2F 3-2: Foul Ball, location: 2F 3-2: Strikes out looking
|
| Top of the 2nd over - 0 runs, 0 hits, 0 errors, 1 left on base; Tacoma 5 - Omaha 0 |
| BOTTOM OF THE 2ND |
|
Omaha Storm Chasers batting - Pitching for Tacoma Rainiers : RHP Brad Rigby
|
|
Batting: RHB Eduardo Perez
|
0-0: Ball 1-0: Called Strike 1-1: Foul Ball, location: 2F 1-2: Foul Ball, location: 2F 1-2: Ball 2-2: SINGLE (Line Drive, 89S, EV 101.9 MPH)
|
|
Batting: SHB Javier Valentin
|
0-0: Ball 1-0: Fly out, F5 (Popup, 5S, EV 82.5 MPH)
|
|
Batting: RHB Danny Clyburn
|
0-0: Ball 1-0: Called Strike 1-1: Foul Ball, location: 2F 1-2: Ball 2-2: Fly out, F3 (Popup, 23F, EV 88.1 MPH)
|
|
Batting: SHB Pablo Martinez
|
0-0: Ball 1-0: Ball 2-0: Foul Ball, location: 2F 2-1: Fly out, F4 (Popup, 34, EV 57.5 MPH)
|
| Bottom of the 2nd over - 0 runs, 1 hit, 0 errors, 1 left on base; Tacoma 5 - Omaha 0 |
| TOP OF THE 3RD |
|
Tacoma Rainiers batting - Pitching for Omaha Storm Chasers : RHP Calvin Maduro
|
|
Batting: SHB Micah Franklin
|
0-0: Ball 1-0: Called Strike 1-1: Swinging Strike 1-2: Strikes out swinging
|
|
Batting: RHB Jose Guillen
|
0-0: Foul Ball, location: 2F 0-1: Called Strike 0-2: Foul Ball, location: 2F 0-2: Ball 1-2: Ball 2-2: Strikes out swinging
|
|
Batting: LHB Mario Valdez
|
0-0: Ball 1-0: Called Strike 1-1: Foul Ball, location: 2F 1-2: Ball 2-2: Ball 3-2: Strikes out swinging, 2-3 out at first.
|
| Top of the 3rd over - 0 runs, 0 hits, 0 errors, 0 left on base; Tacoma 5 - Omaha 0 |
| BOTTOM OF THE 3RD |
|
Omaha Storm Chasers batting - Pitching for Tacoma Rainiers : RHP Brad Rigby
|
|
Batting: RHB Henry Blanco
|
0-0: Called Strike 0-1: SINGLE (Line Drive, 9S, EV 105.6 MPH)
|
|
Batting: SHB Kerwin Moore
|
0-0: Swinging Strike 0-1: Fielders Choice at 2nd, 4-6 (Groundball, 4, EV 91.9 MPH)
|
|
Batting: RHB Roberto Mejia
|
0-0: Fielders Choice at 2nd, 6-4 (Groundball, 6, EV 89.4 MPH)
|
|
Batting: RHB Hensley Meulens
|
0-0: Called Strike 0-1: Ball 1-1: Foul Ball, location: 2F 1-2: Foul Ball, location: 2F 1-2: Ball 2-2: Ball 3-2: Foul Ball, location: 2F 3-2: Fly out, F7 (Flyball, 78D, EV 93.8 MPH)
|
| Bottom of the 3rd over - 0 runs, 1 hit, 0 errors, 1 left on base; Tacoma 5 - Omaha 0 |
| TOP OF THE 4TH |
|
Tacoma Rainiers batting - Pitching for Omaha Storm Chasers : RHP Calvin Maduro
|
|
Batting: SHB Jason Bates
|
0-0: Ball 1-0: Ground out 4-3 (Groundball, 4, EV 84.4 MPH)
|
|
Batting: LHB Greg O'Halloran
|
0-0: Ball 1-0: Ball 2-0: Called Strike 2-1: Swinging Strike 2-2: SINGLE (Groundball, 4S, EV 86.3 MPH) (infield hit)
|
|
Batting: RHB Eric Young
|
0-0: Ball 1-0: Foul Ball, location: 2F 1-1: SINGLE (Flyball, 7S, EV 89.4 MPH) Greg O'Halloran to second
|
|
Pitching: LHP Allen McDill
|
|
|
Batting: LHB Daryl Boston
|
0-0: Called Strike 0-1: Ball 1-1: Ball 2-1: Called Strike 2-2: Fly out, F8 (Line Drive, 8LM, EV 87.5 MPH)
|
|
Batting: LHB Chito Martinez
|
0-0: Ball 1-0: Ball 2-0: Called Strike 2-1: Ball 3-1: Base on Balls Greg O'Halloran to third Eric Young to second
|
|
Batting: RHB Russ Davis
|
0-0: Ball 1-0: Called Strike 1-1: Foul Ball, location: 2F 1-2: Strikes out swinging
|
| Top of the 4th over - 0 runs, 2 hits, 0 errors, 3 left on base; Tacoma 5 - Omaha 0 |
| BOTTOM OF THE 4TH |
|
Omaha Storm Chasers batting - Pitching for Tacoma Rainiers : RHP Brad Rigby
|
|
Batting: RHB Matt Mieske
|
0-0: Called Strike 0-1: Ball 1-1: Ball 2-1: Foul Ball, location: 2F 2-2: Foul Ball, location: 2F 2-2: SINGLE (Groundball, 6M, EV 110.0 MPH) (infield hit)
|
|
Batting: RHB Eduardo Perez
|
0-0: Called Strike 0-1: Foul Ball, location: 2F 0-2: Ball 1-2: Ball 2-2: Ball 3-2: Grounds into double play, 4-6-3 (Groundball, 34, EV 96.9 MPH)
|
|
Batting: SHB Javier Valentin
|
0-0: Ball 1-0: Called Strike 1-1: Ball 2-1: Fly out, F8 (Flyball, 78D, EV 106.3 MPH)
|
| Bottom of the 4th over - 0 runs, 1 hit, 0 errors, 0 left on base; Tacoma 5 - Omaha 0 |
| TOP OF THE 5TH |
|
Tacoma Rainiers batting - Pitching for Omaha Storm Chasers : LHP Allen McDill
|
|
Batting: SHB Micah Franklin
|
0-0: Called Strike 0-1: Swinging Strike 0-2: Ball 1-2: Ball 2-2: Ball 3-2: Strikes out swinging
|
|
Batting: RHB Jose Guillen
|
0-0: Called Strike 0-1: SINGLE (Line Drive, 3D, EV 97.5 MPH)
|
|
Batting: LHB Mario Valdez
|
0-0: Called Strike 0-1: Ball 1-1: Ball 2-1: Foul Ball, location: 2F 2-2: Ball 3-2: Ground out 6-3 (Groundball, 6S, EV 73.1 MPH) Jose Guillen to second
|
|
Batting: SHB Jason Bates
|
0-0: Called Strike 0-1: Called Strike 0-2: Foul Ball, location: 2F 0-2: Ball 1-2: Ball 2-2: Foul Ball, location: 2F 2-2: Strikes out swinging
|
| Top of the 5th over - 0 runs, 1 hit, 0 errors, 1 left on base; Tacoma 5 - Omaha 0 |
| BOTTOM OF THE 5TH |
|
Omaha Storm Chasers batting - Pitching for Tacoma Rainiers : RHP Brad Rigby
|
|
Batting: RHB Danny Clyburn
|
0-0: Swinging Strike 0-1: Called Strike 0-2: Strikes out swinging
|
|
Batting: SHB Pablo Martinez
|
0-0: Ball 1-0: SINGLE (Line Drive, 9LM, EV 89.4 MPH)
|
|
Batting: RHB Henry Blanco
|
0-0: Ball 1-0: Ball 2-0: Fielders Choice at 2nd, 6-4 (Groundball, 6, EV 95.0 MPH)
|
|
Batting: SHB Kerwin Moore
|
0-0: Fly out, F9 (Flyball, 9, EV 78.8 MPH)
|
| Bottom of the 5th over - 0 runs, 1 hit, 0 errors, 1 left on base; Tacoma 5 - Omaha 0 |
| TOP OF THE 6TH |
|
Tacoma Rainiers batting - Pitching for Omaha Storm Chasers : LHP Allen McDill
|
|
Batting: LHB Greg O'Halloran
|
0-0: Ball 1-0: Called Strike 1-1: Called Strike 1-2: Ball 2-2: Strikes out swinging
|
|
Batting: RHB Eric Young
|
0-0: Called Strike 0-1: Foul Ball, location: 2F 0-2: Ball 1-2: Hit by Pitch
|
|
Pitching: LHP Carlos Pulido
|
|
|
Batting: LHB Daryl Boston
|
0-0: Ball 1-0: Called Strike 1-1: Ball 2-1: 2-RUN HOME RUN (Flyball, 89XD, EV 104.4 MPH), Distance : 406 ft
|
|
Batting: LHB Chito Martinez
|
0-0: Called Strike 0-1: Foul Ball, location: 2F 0-2: SINGLE (Flyball, 78S, EV 96.3 MPH)
|
|
Batting: RHB Russ Davis
|
0-0: Called Strike 0-1: Ball 1-1: Fly out, F8 (Flyball, 8LM, EV 81.9 MPH)
|
|
Batting: SHB Micah Franklin
|
0-0: Called Strike 0-1: Fly out, F2 (Popup, 13S, EV 80.6 MPH)
|
| Top of the 6th over - 2 runs, 2 hits, 0 errors, 1 left on base; Tacoma 7 - Omaha 0 |
| BOTTOM OF THE 6TH |
|
Omaha Storm Chasers batting - Pitching for Tacoma Rainiers : RHP Brad Rigby
|
|
Batting: RHB Roberto Mejia
|
0-0: Called Strike 0-1: Ball 1-1: Foul Ball, location: 2F 1-2: Ball 2-2: Foul Ball, location: 2F 2-2: Strikes out swinging
|
|
Batting: RHB Hensley Meulens
|
0-0: Foul Ball, location: 2F 0-1: Called Strike 0-2: Ball 1-2: Ball 2-2: Foul Ball, location: 2F 2-2: Foul Ball, location: 2F 2-2: SINGLE (Groundball, 6MD, EV 105.6 MPH)
|
|
Batting: RHB Matt Mieske
|
0-0: Called Strike 0-1: Called Strike 0-2: Ball 1-2: Grounds into double play, 5-4-3 (Groundball, 56S, EV 80.6 MPH)
|
| Bottom of the 6th over - 0 runs, 1 hit, 0 errors, 0 left on base; Tacoma 7 - Omaha 0 |
| TOP OF THE 7TH |
|
Tacoma Rainiers batting - Pitching for Omaha Storm Chasers : LHP Carlos Pulido
|
|
Batting: RHB Jose Guillen
|
0-0: Fly out, F8 (Flyball, 8RD, EV 75.6 MPH)
|
|
Batting: LHB Mario Valdez
|
0-0: Ball 1-0: Called Strike 1-1: SINGLE (Line Drive, 56D, EV 98.1 MPH)
|
|
Batting: SHB Jason Bates
|
0-0: Foul Ball, location: 2F 0-1: Fly out, F8 (Flyball, 8LD, EV 81.3 MPH)
|
|
Batting: LHB Greg O'Halloran
|
0-0: Ball 1-0: Ball 2-0: Foul Ball, location: 2F 2-1: Called Strike 2-2: Foul Ball, location: 2F 2-2: Strikes out swinging
|
| Top of the 7th over - 0 runs, 1 hit, 0 errors, 1 left on base; Tacoma 7 - Omaha 0 |
| BOTTOM OF THE 7TH |
|
Omaha Storm Chasers batting - Pitching for Tacoma Rainiers : RHP Brad Rigby
|
|
Batting: RHB Eduardo Perez
|
0-0: Foul Ball, location: 2F 0-1: Ball 1-1: Ball 2-1: Foul Ball, location: 2F 2-2: Ball 3-2: Foul Ball, location: 2F 3-2: Foul Ball, location: 2F 3-2: DOUBLE (Line Drive, 89XD, EV 105.0 MPH)
|
|
Batting: SHB Javier Valentin
|
0-0: Called Strike 0-1: Foul Ball, location: 2F 0-2: Ball 1-2: Ball 2-2: Ground out 4-3 (Groundball, 4, EV 88.1 MPH) Eduardo Perez to third
|
|
Batting: RHB Danny Clyburn
|
0-0: Called Strike 0-1: Ball 1-1: Fly out, F9 (Line Drive, 9, EV 91.3 MPH) Runner from 3rd tags up, SCORES, throw by RF
|
|
Batting: SHB Pablo Martinez
|
0-0: Foul Ball, location: 2F 0-1: Ball 1-1: Foul Ball, location: 2F 1-2: Ground out 4-3 (Groundball, 4M, EV 90.0 MPH)
|
| Bottom of the 7th over - 1 run, 1 hit, 0 errors, 0 left on base; Tacoma 7 - Omaha 1 |
| TOP OF THE 8TH |
|
Tacoma Rainiers batting - Pitching for Omaha Storm Chasers : LHP Carlos Pulido
|
|
Batting: RHB Eric Young
|
0-0: Ball 1-0: Fly out, F7 (Line Drive, 7, EV 87.5 MPH)
|
|
Batting: LHB Daryl Boston
|
0-0: Ball 1-0: SINGLE (Groundball, 6S, EV 70.6 MPH) (infield hit)
|
|
Batting: LHB Chito Martinez
|
0-0: Called Strike 0-1: Ball 1-1: Swinging Strike 1-2: Strikes out swinging
|
|
Batting: RHB Russ Davis
|
0-0: Called Strike 0-1: Foul Ball, location: 2F 0-2: SINGLE (Line Drive, 6MD, EV 98.1 MPH) Daryl Boston to second Daryl Boston to third
|
|
Batting: SHB Micah Franklin
|
0-0: Called Strike 0-1: Swinging Strike 0-2: Ball 1-2: Strikes out swinging
|
| Top of the 8th over - 0 runs, 2 hits, 0 errors, 2 left on base; Tacoma 7 - Omaha 1 |
| BOTTOM OF THE 8TH |
|
Omaha Storm Chasers batting - Pitching for Tacoma Rainiers : RHP Brad Rigby
|
|
Pitching: RHP Carlos Reyes
|
|
|
Batting: RHB Henry Blanco
|
0-0: Ball 1-0: Called Strike 1-1: Ball 2-1: Foul Ball, location: 2F 2-2: Foul Ball, location: 2F 2-2: Ball 3-2: Ground out 4-3 (Groundball, 4, EV 81.3 MPH)
|
|
Batting: SHB Kerwin Moore
|
0-0: Foul Ball, location: 2F 0-1: Ball 1-1: Ball 2-1: Swinging Strike 2-2: Foul Ball, location: 2F 2-2: Ground out 4-3 (Groundball, 34, EV 111.9 MPH)
|
|
Batting: RHB Roberto Mejia
|
0-0: Ball 1-0: Ball 2-0: Ball 3-0: Base on Balls
|
|
Batting: RHB Hensley Meulens
|
0-0: Ball 1-0: Foul Ball, location: 2F 1-1: SINGLE (Groundball, 56D, EV 105.6 MPH) Roberto Mejia to second Runner from 2nd tries for 3rd, SAFE, throw by LF made to third
|
|
Pitching: LHP Jeff Wallace
|
|
|
Batting: RHB Matt Mieske
|
0-0: Ball 1-0: Ball 2-0: Ball 3-0: Called Strike 3-1: Foul Ball, location: 2F 3-2: Base on Balls Hensley Meulens to second
|
|
Batting: RHB Eduardo Perez
|
0-0: Ball 1-0: Ground out 4-3 (Groundball, 4, EV 103.8 MPH)
|
| Bottom of the 8th over - 0 runs, 1 hit, 0 errors, 3 left on base; Tacoma 7 - Omaha 1 |
| TOP OF THE 9TH |
|
Tacoma Rainiers batting - Pitching for Omaha Storm Chasers : LHP Carlos Pulido
|
|
Batting: RHB Jose Guillen
|
0-0: Ground out 6-3 (Groundball, 6, EV 83.8 MPH)
|
|
Batting: LHB Mario Valdez
|
0-0: Ball 1-0: Foul Ball, location: 2F 1-1: SINGLE (Groundball, 4MD, EV 105.0 MPH)
|
|
Pitching: LHP Roberto Duran
|
|
|
Batting: SHB Jason Bates
|
0-0: Ball 1-0: Swinging Strike 1-1: Swinging Strike 1-2: Ball 2-2: Strikes out swinging
|
|
Batting: LHB Greg O'Halloran
|
0-0: Fielders Choice at 2nd, U4 (Groundball, 4M, EV 91.9 MPH)
|
| Top of the 9th over - 0 runs, 1 hit, 0 errors, 1 left on base; Tacoma 7 - Omaha 1 |
| BOTTOM OF THE 9TH |
|
Omaha Storm Chasers batting - Pitching for Tacoma Rainiers : LHP Jeff Wallace
|
|
Batting: SHB Javier Valentin
|
0-0: Swinging Strike 0-1: Ball 1-1: Ball 2-1: DOUBLE (Line Drive, 78D, EV 108.8 MPH)
|
|
Batting: RHB Danny Clyburn
|
0-0: Ball 1-0: Ball 2-0: Ball 3-0: Base on Balls
|
|
Batting: SHB Pablo Martinez
|
0-0: Swinging Strike 0-1: Ball 1-1: Ball 2-1: Ball 3-1: Called Strike 3-2: Foul Ball, location: 2F 3-2: Base on Balls Javier Valentin to third Danny Clyburn to second
|
|
Pitching: RHP Tavo Alvarez
|
|
|
Batting: RHB Henry Blanco
|
0-0: Foul Ball, location: 2F 0-1: Ball 1-1: Ball 2-1: Ball 3-1: Foul Ball, location: 2F 3-2: Base on Balls Javier Valentin scores Danny Clyburn to third Pablo Martinez to second
|
|
Batting: SHB Kerwin Moore
|
0-0: Called Strike 0-1: Ball 1-1: SINGLE (Groundball, 56D, EV 102.5 MPH) Danny Clyburn scores Pablo Martinez to third Henry Blanco to second
|
|
Batting: RHB Roberto Mejia
|
0-0: Called Strike 0-1: SINGLE (Groundball, 34D, EV 94.4 MPH) Pablo Martinez scores Henry Blanco to third Kerwin Moore to second
|
|
Batting: RHB Hensley Meulens
|
0-0: Ball 1-0: Foul Ball, location: 2F 1-1: Fielders Choice at 2nd, 6-4 (Groundball, 6M, EV 88.1 MPH) Henry Blanco scores Kerwin Moore to third
|
|
Batting: RHB Matt Mieske
|
0-0: Foul Ball, location: 2F 0-1: SINGLE (Groundball, 5D, EV 104.4 MPH) Kerwin Moore scores Hensley Meulens to second
|
|
Batting: RHB Eduardo Perez
|
0-0: Ball 1-0: Ball 2-0: Ball 3-0: Called Strike 3-1: Base on Balls Hensley Meulens to third Matt Mieske to second
|
|
Batting: SHB Javier Valentin
|
0-0: Ball 1-0: Ball 2-0: SINGLE (Groundball, 34, EV 83.1 MPH) (infield hit) Hensley Meulens scores Matt Mieske to third Eduardo Perez to second
|
|
Batting: RHB Danny Clyburn
|
0-0: Called Strike 0-1: Foul Ball, location: 2F 0-2: SINGLE (Groundball, 6MD, EV 96.9 MPH) Matt Mieske scores
|
 |
|
Tuesday, February 24th, 2026 - OOTP Baseball 20.8 Build 74
|
|